 Dungeon Crawl Stone Soup version 0.20.1-1-g8b1a95d (webtiles) character file.

446633 Jannitor the Acrobat (level 25, -2/187 HPs)
             Began as a Halfling Hunter on Aug 29, 2017.
             Was a High Priest of Trog.
             Killed by the air
             ... invoked by a spriggan air mage
              (20 damage)
             ... on level 3 of the Depths on Aug 31, 2017.
             The game lasted 03:23:08 (66713 turns).

Jannitor the Acrobat (Halfling Hunter)             Turns: 66713, Time: 03:23:10

Health: -2/187     AC: 26    Str: 23    XL:     25   Next: 40%
Magic:  30/30      EV: 32    Int: 15    God:    Trog [*****.]
Gold:   797        SH: 15    Dex: 21    Spells: 24/24 levels left

rFire    + + .     SeeInvis +   b - +9 quick blade (flame)
rCold    + . .     Gourm    .   i - +2 shield {AC+3}
rNeg     + . .     Faith    .   R - +8 ring mail of Zaiviut {Regen+ rCorr Str-3 Int+4}
rPois    +         Spirit   .   (no helmet)
rElec    .         Reflect  .   N - scarf {rC+ rF+}
rCorr    +         Harm     +   y - +1 pair of gloves {Str+3}
MR       ++++.                  B - +1 pair of boots of the Castellan {rN+ Regen+ Str+4}
Stlth    +++++++...             z - amulet "Pakuhuim" {Harm *Drain rF+ Int+2}
Regen    2.3/turn               S - ring of Coerylob {MR+ AC+2}
MPRegen  0.3/turn               l - ring of Zofenoupt {rPois SInv}

@: regenerating, studying 4 skills
A: mutation resistance 1, MP-powered wands
}: 2/15 runes: barnacled, gossamer
a: Berserk, Trog's Hand, Brothers in Arms, Burn Spellbooks, Renounce Religion


You were on level 3 of the Depths.
You worshipped Trog.
Trog was extremely pleased with you.
You were not hungry.

You visited 10 branches of the dungeon, and saw 45 of its levels.
You visited the Abyss 1 time.
You visited 1 bazaar.
You also visited: Trove, Ossuary and Ice Cave.

You collected 4937 gold pieces.
You spent 4140 gold pieces at shops.

Inventory:

Hand Weapons
 a - the +3 sling "Punk" {acid, rCorr}
   (Trog gifted it to you on level 2 of the Vaults)

   It protects you from acid and corrosion.
 b - a +9 quick blade of flaming (weapon)
 u - the +13 hunting sling of Trog's Envy {venom, +Blink Str+4 Dex+7}
   (Trog gifted it to you on level 3 of the Elven Halls)

   It poisons the ammo it fires.
   It affects your strength (+4).
   It affects your dexterity (+7).
   It lets you blink.
 Y - a +6 antimagic rapier
Missiles
 d - 621 sling bullets
 j - 903 stones (quivered)
Armour
 i - a +2 shield of protection (worn)
 x - a +3 ring mail of cold resistance
 y - a +1 pair of gloves of strength (worn)
 B - the +1 pair of boots of the Castellan (worn) {rN+ Regen+ Str+4}
   (You bought it in a shop in a bazaar)

   It affects your strength (+4).
   It protects you from negative energy.
   It increases your rate of regeneration.
 N - a scarf of resistance (worn)
 R - the +8 ring mail of Zaiviut (worn) {Regen+ rCorr Str-3 Int+4}
   (You bought it in a shop in a bazaar)

   It affects your strength (-3).
   It affects your intelligence (+4).
   It increases your rate of regeneration.
   It protects you from acid and corrosion.
Jewellery
 l - the ring of Zofenoupt (right hand) {rPois SInv}
   (You found it on level 1 of the Spider Nest)

   [ring of see invisible]

   It protects you from poison.
   It lets you see invisible.
 z - the amulet "Pakuhuim" (around neck) {Harm *Drain rF+ Int+2}
   (You took it off a deep elf blademaster on level 3 of the Elven Halls)

   [amulet of harm]

   It increases damage dealt and taken.
   It affects your intelligence (+2).
   It protects you from fire.
   It causes draining when unequipped.
 M - the amulet "Fufiti" {+Blink Regen+ Dex+3}
   (You found it in an ice cave)

   [amulet of regeneration]

   It affects your dexterity (+3).
   It lets you blink.
   It increases your rate of regeneration.
 S - the ring of Coerylob (left hand) {MR+ AC+2}
   (You bought it in a shop in a bazaar)

   [ring of protection]

   It affects your AC (+2).
   It affects your resistance to hostile enchantments.
Wands
 m - a wand of digging (2/24)
 D - a wand of digging (14/24)
 W - a wand of clouds (4/9)
Scrolls
 c - 6 scrolls of enchant armour
 g - 9 scrolls of identify
 n - a scroll of blinking
 o - 3 scrolls of teleportation
 q - 5 scrolls of recharging
 s - 21 scrolls of remove curse
 t - 16 scrolls of magic mapping
 O - 3 scrolls of fog
 X - 3 scrolls of fear
Potions
 e - 24 potions of curing
 h - 8 potions of might
 v - 9 potions of flight
 w - 5 potions of mutation
 C - 4 potions of ambrosia
 E - 5 potions of agility
 G - a potion of magic
 H - 3 potions of cancellation
 J - 6 potions of resistance
 Q - 4 potions of invisibility
 Z - 3 potions of haste
Books
 K - a manual of Shields
 L - a manual of Shields
 P - a manual of Short Blades
 U - a manual of Staves
 V - a manual of Maces & Flails
Miscellaneous
 k - 2 sacks of spiders
 A - a lamp of fire
 F - a phial of floods
 I - a fan of gales
Comestibles
 f - 10 bread rations
 p - 2 meat rations
 r - 10 royal jellies
 T - 40 fruits


   Skills:
 + Level 19.3 Fighting
 - Level 14.0 Short Blades
 - Level 14.4 Slings
 + Level 15.3 Armour
 - Level 21.4 Dodging
 - Level 21.1 Stealth
 + Level 9.6 Shields
 - Level 9.7 Evocations


You had 24 spell levels left.
You didn't know any spells.

Dungeon Overview and Level Annotations

Branches:
Dungeon (15/15)            Temple (1/1) D:6            Lair (6/6) D:10
 Shoals (4/4) Lair:2       Spider (4/4) Lair:2        Slime (0/5) Lair:6
    Orc (2/2) D:12            Elf (3/3) Orc:2        Vaults (4/5) D:13
  Crypt (3/3) Vaults:2     Depths (3/5) D:15
   Tomb: Crypt:3

Altars:
Ashenzari
Cheibriados
Dithmenos
Elyvilon
Fedhas
Gozag
Hepliaklqana
Kikubaaqudgha
Makhleb
Nemelex Xobeh
Okawaru
Qazlal
Ru
Sif Muna
Trog
Uskayaw
Vehumet
Xom
Yredelemnul
Zin
The Shining One
Beogh

Shops:
D:12 ?!   Orc:2 :!(!?   Elf:1 }   Shoals:4 (   Vaults:2 %   Vaults:3 !
Vaults:4 *

Portals:
Hell: Depths:1 Depths:2
Pandemonium: Depths:1 Depths:3
Ziggurat: Depths:2

Annotations:
D:2 exclusion: downstairs
Shoals:4 exclusion: 2 doors
Elf:2 3 runed doors


Innate Abilities, Weirdness & Mutations

You are small and have problems with some larger weapons.
You are somewhat resistant to further mutation.
You expend magic power (3 MP) to strengthen your wands.


Message History

Unknown command.
Press: ? - help, v - describe, . - travel
Here: a fire giant, wielding a great sword of flaming (lightly wounded)
The floor, spattered with blood.
Unknown command.
You feel better.
Unknown command.
You feel better.
The fire giant hits you with a great sword of flaming!!
* * * LOW HITPOINT WARNING * * *
The fire giant burns you.
* * * LOW HITPOINT WARNING * * *
The fire giant gestures at you while chanting.
The fireball explodes!
The fireball engulfs the fire giant.
The fire giant resists.
The fireball engulfs you! You resist.
* * * LOW HITPOINT WARNING * * *
The fireball engulfs the fire giant.
The fire giant resists.
The spriggan air mage waves its arms in wide circles.
The air twists around and strikes you!
You die...

*,*,,,,,,,,,,,,,.#.C.*
*,***,,,,,******.#.#,* *,*
******* *#.(.*,, *,*
*.(#,*** ##*,*
#####(.#,,,, #..,*
###....(.###,* ###.#####
##.............
*#.......###x.#.#...#####.
*,,###.#/@CCi...........,,
*,##...D####i.#.#..####.,,
*,+..[...#...D.....# *,,,
**##...##..#.......# **,,
#######.#.......# ****
#.#.#.....# *,,,
#.#.#.....# **,**
#.#.#.....# #.,,*
#.#.#.....###.#?*


You could see 2 fire giants, an ice dragon, a spriggan rider, a spriggan air
mage and an unseen horror shaped shifter (invisible).

Vanquished Creatures
  Xtahua (Crypt:1)
  Bai Suzhen (Depths:1)
  2 caustic shrikes
  2 golden dragons
  A profane servitor (Crypt:3)
  the Enchantress (Depths:2)
  2 bone dragons
  Jorgrun (Vaults:3)
  The ghost of Glorg the Peltast, an adept MiBe of Trog (Elf:3)
  Asterion (Vaults:1)
  3 liches
  A quicksilver dragon (Depths:2)
  A titan (Vaults:4)
  2 deep elf blademasters (Elf:3)
  4 deep elf master archers
  2 ancient champions
  A shadow dragon (Depths:2)
  A storm dragon (Depths:2)
  2 deep elf sorcerers (Elf:3)
  4 revenants
  3 fire giants
  A balrug (Depths:2)
  2 iron dragons
  4 emperor scorpions
  7 vault wardens
  2 frost giants
  6 ghost moths
  9 ghouls
  6 ironheart preservers
  Louise (Elf:1)
  A curse skull (Crypt:1)
  The ghost of letownia the Black Belt, a journeyman OpTm of Gozag (Elf:1)
  5 deep elf elementalists (Elf:3)
  4 spriggan defenders
  A reaper (Depths:2)
  13 stone giants
  3 entropy weavers
  The ghost of Tinttamiau the Fighter, a journeyman MiFi of Okawaru (Lair:5)
  3 very ugly things (Depths:1)
  4 deep elf demonologists
  The ghost of quacklin the Frost Mage, a journeyman DrIE of Vehumet (Lair:6)
  4 vampire knights
  4 spark wasps
  6 deep elf annihilators (Elf:3)
  3 ettins
  Snorg (Lair:5)
  5 deep elf death magi
  8 eidola
  2 merfolk javelineers (Shoals:4)
  A blizzard demon (Depths:2)
  5 jiangshi (Crypt:1)
  2 fire dragons
  7 ogre magi
  3 great orbs of eyes
  Erolcha (Orc:2)
  6 deep elf high priests
  5 rakshasas
  5 vault guards
  11 yaktaur captains
  Harold (Lair:3)
  6 ice dragons
  A monstrous demonspawn (Depths:1)
  8 hydras
  A hell beast (Depths:1)
  3 spriggan air magi (Depths:2)
  15 death yaks
  2 merfolk aquamancers (Shoals:4)
  7 death knights
  11 centaur warriors
  15 tengu warriors
  3 catoblepae
  Erica (D:10)
  13 two-headed ogres
  2 deep troll shamans
  A titan zombie (Depths:1)
  An alligator snapping turtle (Shoals:1)
  7 dancing weapons
  An orc high priest (Elf:2)
  6 vampire magi
  15 spriggan berserkers
  Nergalle (Orc:2)
  5 soul eaters
  18 deep elf knights
  2 sun demons (Depths:2)
  3 shadow wraiths
  3 hell knights
  33 skeletal warriors
  A sea snake (Shoals:2)
  5 unseen horrors
  6 flayed ghosts
  A glowing orange brain (Depths:2)
  11 ironbrand convokers
  14 deep elf archers
  5 deep trolls (Vaults:1)
  A lindwurm (Lair:6)
  An obsidian statue (Vaults:3)
  6 harpies
  13 orb spiders
  A harpy (shapeshifter) (Vaults:4)
  Pikel (D:7)
  20 phantasmal warriors
  5 wizards
  14 orc knights
  11 orc sorcerers
  18 necromancers
  57 deep elf magi
  2 moths of wrath
  2 stone giant zombies
  9 cyclopes
  44 ugly things
  2 frost giant zombies
  A sphinx skeleton (Vaults:2)
  26 wolf spiders
  9 elephants
  A manticore (Shoals:4)
  8 rust devils
  2 merfolk sirens (Shoals:4)
  5 vault sentinels
  2 naga magi (D:15)
  A guardian serpent (shapeshifter) (Vaults:4)
  A fire giant skeleton (Depths:2)
  A black mamba (shapeshifter) (Vaults:4)
  2 torpor snails
  2 gargoyles
  2 human skeletons (Vaults:3)
  6 black mambas
  3 centaur skeletons
  2 ice statues
  Psyche (D:8)
  A spriggan skeleton (Depths:1)
  2 rime drakes
  4 kobold demonologists (D:14)
  A rime drake (shapeshifter) (D:14)
  3 spriggan zombies
  10 komodo dragons
  12 spiny frogs
  A yaktaur zombie (Vaults:2)
  2 efreet
  15 demonic crawlers
  14 freezing wraiths
  36 yaktaurs
  2 ice devils
  4 red devils
  11 tengu conjurers
  20 polar bears
  A queen bee (shapeshifter) (Vaults:1)
  13 trolls
  20 hornets
  3 meliai (D:14)
  A red draconian skeleton (Crypt:1)
  34 jumping spiders
  2 polar bears (shapeshifter) (Vaults:4)
  6 merfolk
  A sphinx simulacrum (Vaults:2)
  A harpy skeleton (D:14)
  A minotaur skeleton (Crypt:2)
  A troll (shapeshifter) (D:14)
  2 snapping turtles
  A bog body (Crypt:2)
  22 blink frogs
  4 dream sheep (Lair:4)
  8 hippogriffs
  32 slime creatures
  A fire giant simulacrum (Vaults:2)
  A satyr zombie (Crypt:1)
  A flying skull (Depths:2)
  2 centaur simulacra (D:15)
  8 spriggans
  5 shadows
  Sigmund (D:3)
  4 air elementals
  3 water elementals
  63 redbacks
  Eustachio (D:4)
  3 wyverns
  A yak (shapeshifter) (Vaults:3)
  19 tarantellas
  A wind drake zombie (Crypt:1)
  49 yaks
  3 fire elementals
  19 humans (D:13)
  14 wraiths
  2 hungry ghosts
  A basilisk (Lair:5)
  A hog (shapeshifter) (Vaults:4)
  A spriggan simulacrum (Depths:1)
  5 vampire mosquitoes
  A yaktaur simulacrum (Vaults:2)
  4 acid dragons
  A merfolk zombie (Crypt:1)
  A soldier ant (shapeshifter) (Depths:3)
  7 wargs
  A soldier ant (D:11)
  15 water moccasins
  6 porcupines
  43 orc warriors
  4 hell hounds (Depths:2)
  A sky beast (D:6)
  An ettin simulacrum (Vaults:2)
  An eye of draining (D:9)
  An ice dragon simulacrum (Depths:1)
  12 ice beasts
  2 black bears
  A black bear (shapeshifter) (Vaults:3)
  An eye of draining (shapeshifter) (Vaults:4)
  14 necrophages
  3 phantoms
  6 boggarts
  33 wolves
  17 centaurs
  A lindwurm skeleton (Crypt:2)
  38 ogres
  2 blink frog skeletons
  A hog skeleton (Crypt:2)
  10 crocodiles
  A crocodile (shapeshifter) (Elf:2)
  5 big kobolds
  4 elf zombies (Elf:1)
  8 earth elementals
  20 bullfrogs
  A salamander skeleton (Crypt:1)
  10 wyvern skeletons
  A hornet simulacrum (D:15)
  8 scorpions
  A queen bee zombie (Crypt:1)
  17 killer bees
  4 wights (D:13)
  2 vampire bats (D:6)
  An electric eel (Elf:3)
  7 crimson imps
  4 howler monkeys
  8 jellies
  A quasit (D:12)
  11 centaur zombies
  4 bullfrog zombies
  3 human zombies
  3 hounds
  41 orc wizards
  25 orc priests
  Crazy Yiuf (D:3)
  2 bullfrog skeletons
  4 hell rats (Lair:4)
  Natasha (D:3)
  An iguana (shapeshifter) (Depths:1)
  8 worker ants
  Ijyb (D:5)
  A porcupine skeleton (Crypt:1)
  A killer bee zombie (D:6)
  A big kobold zombie (Ossuary)
  A crocodile skeleton (Crypt:2)
  A hound zombie (D:5)
  3 mummies
  15 adders
  7 gnolls
  2 howler monkey skeletons
  4 scorpion zombies (Ossuary)
  4 shadow imps
  6 oozes
  2 adder zombies
  A lava snake zombie (Crypt:2)
  2 adder skeletons
  3 worms
  A dart slug (D:2)
  7 leopard geckos
  94 orcs
  17 bats
  4 giant cockroaches
  A gnoll zombie (Ossuary)
  9 goblins
  6 hobgoblins
  4 jackals (D:5)
  24 kobolds
  4 quokkas
  5 frilled lizards
  5 goblin zombies (Ossuary)
  2 hobgoblin zombies
  A jackal skeleton (D:8)
  A leopard gecko skeleton (D:6)
  An orc zombie (D:7)
  8 rats
  A bush (Lair:6)
  6 crawling corpses
  A fungus (Lair:6)
  A withered plant (Crypt:3)
1894 creatures vanquished.

Vanquished Creatures (collateral kills)
  3 caustic shrikes (Depths:2)
  Jory (Crypt:1)
  The ghost of raetorn the Warrior, an adept MiGl of Okawaru (Elf:3)
  A sphinx (Depths:2)
  A frost giant (IceCv)
  2 emperor scorpions
  A vault warden (Vaults:4)
  A spriggan defender (Depths:2)
  A stone giant (Depths:2)
  A deep elf demonologist (Depths:2)
  A deep elf annihilator (Elf:3)
  The ghost of Jannitor the Grappler, a journeyman TrCK of Xom (Lair:4)
  A deep elf death mage (Elf:3)
  A merfolk impaler (Shoals:4)
  2 tengu warriors (Depths:2)
  A spriggan (Depths:2)
  A small abomination (Elf:3)
  A deep elf archer (Elf:3)
  2 orb spiders
  A deep elf mage (Elf:3)
  An ugly thing (Depths:1)
  A komodo dragon (Lair:4)
  A freezing wraith (Depths:2)
  A demonic crawler (Spider:1)
  2 jumping spiders (Spider:1)
  2 hornets (Depths:2)
  2 polar bears (IceCv)
  A wind drake (Shoals:4)
  A blink frog (Lair:6)
  A redback (Spider:1)
  3 yaks (IceCv)
  A tarantella (Spider:1)
  A flying skull (Depths:2)
  A fire elemental (Elf:3)
  A crawling corpse (Elf:3)
45 creatures vanquished.

Vanquished Creatures (others)
  A spriggan defender (Depths:2)
  A merfolk aquamancer (Shoals:4)
  A deep elf knight (Elf:1)
  2 quicksilver dragon simulacra (Depths:2)
  A tengu conjurer (Depths:2)
  3 blink frogs (Lair:6)
  A hell hound (Depths:2)
  4 ettin simulacra (Depths:2)
  A crocodile (Lair:6)
  A crimson imp (D:12)
  A mummy (Ossuary)
  An orc (D:15)
  6 fungi
  6 plants
  8 withered plants
38 creatures vanquished.

Grand Total: 1977 creatures vanquished

Notes
Turn   | Place    | Note
-------+----------+-------------------------------------------
     0 | D:1      | Jannitor the Halfling Hunter began the quest for the Orb.
     0 | D:1      | Reached XP level 1. HP: 14/14 MP: 1/1
   224 | D:1      | Reached skill level 1 in Short Blades
   224 | D:1      | Reached XP level 2. HP: 19/19 MP: 2/2
   827 | D:2      | Reached XP level 3. HP: 16/24 MP: 3/3
  1489 | D:2      | Reached XP level 4. HP: 29/29 MP: 4/4
  1562 | D:3      | Noticed Sigmund
  1746 | D:3      | Reached XP level 5. HP: 31/34 MP: 5/5
  2455 | D:3      | Killed Sigmund
  2455 | D:3      | Reached XP level 6. HP: 10/40 MP: 6/6
  2705 | D:3      | Found an ancient bone altar of Kikubaaqudgha.
  2816 | D:3      | Reached XP level 7. HP: 44/45 MP: 7/7
  3130 | D:3      | Noticed Natasha
  3144 | D:3      | Killed Natasha
  3205 | D:3      | Reached skill level 5 in Short Blades
  3366 | D:3      | Found a runed door.
  3492 | D:3      | Found an iron altar of Okawaru.
  3492 | D:3      | Found a bloodstained altar of Trog.
  3496 | D:3      | Became a worshipper of Trog the Wrathful
  3636 | D:3      | Noticed Crazy Yiuf
  3647 | D:3      | Killed Crazy Yiuf
  4003 | D:4      | Found a stormy altar of Qazlal.
  4526 | D:4      | Noticed Eustachio
  4541 | D:4      | Killed Eustachio
  4541 | D:4      | Reached XP level 8. HP: 52/52 MP: 8/8
  4676 | D:4      | Reached * piety under Trog
  5006 | D:5      | Entered Level 5 of the Dungeon
  5006 | D:5      | Noticed Ijyb
  5021 | D:5      | Killed Ijyb
  5449 | D:4      | Found a hide-covered altar of Uskayaw.
  5449 | D:4      | Found a deep blue altar of Sif Muna.
  5525 | D:5      | Found a shimmering altar of Xom.
  5780 | D:5      | Reached XP level 9. HP: 59/59 MP: 9/9
  6059 | D:5      | Reached skill level 10 in Slings
  6179 | D:6      | Reached skill level 5 in Dodging
  6256 | D:6      | Reached ** piety under Trog
  6712 | D:6      | Reached skill level 5 in Fighting
  6757 | D:6      | Found an iron altar of Okawaru.
  6912 | D:6      | Found a staircase to the Ecumenical Temple.
  6921 | Temple   | Entered the Ecumenical Temple
  7109 | D:7      | Noticed a hippogriff
  7145 | D:7      | Found a sand-covered staircase.
  7153 | Ossuary  | Entered an ossuary
  7467 | Ossuary  | Reached *** piety under Trog
  7583 | D:7      | Killed a hippogriff
  7636 | D:7      | Found a sparkling altar of Nemelex Xobeh.
  7724 | D:7      | Reached XP level 10. HP: 67/67 MP: 10/10
  7727 | D:7      | Noticed Pikel
  7744 | D:7      | Killed Pikel
  8321 | D:7      | Reached skill level 5 in Stealth
  8578 | D:8      | Noticed Psyche
  8588 | D:8      | Killed Psyche
  8729 | D:8      | Received a gift from Trog
  9401 | D:9      | Found a white marble altar of Elyvilon.
  9465 | D:9      | Received a gift from Trog
 10173 | D:9      | Reached XP level 11. HP: 74/74 MP: 11/11
 10454 | D:9      | Reached **** piety under Trog
 10548 | D:10     | Entered Level 10 of the Dungeon
 10548 | D:10     | Noticed Erica
 10555 | D:10     | Killed Erica
 10878 | D:10     | Reached skill level 10 in Short Blades
 11031 | D:10     | Gained mutation: You expend magic power (3 MP) to strengthen your wands. [potion of mutation]
 11296 | D:10     | Found a staircase to the Lair.
 11536 | Lair:1   | Entered Level 1 of the Lair of Beasts
 11704 | Lair:1   | Reached ***** piety under Trog
 12531 | Lair:1   | Reached XP level 12. HP: 71/82 MP: 9/12
 13301 | Lair:2   | Found a hole to the Spider Nest.
 13608 | Lair:2   | Found a staircase to the Shoals.
 13629 | Lair:2   | Found a burning altar of Makhleb.
 14690 | Lair:3   | Reached skill level 5 in Armour
 15817 | Lair:3   | Reached XP level 13. HP: 89/89 MP: 8/13
 16063 | Lair:3   | Noticed Harold
 16076 | Lair:3   | Killed Harold
 16510 | Lair:3   | Reached skill level 10 in Dodging
 17247 | Lair:4   | Noticed Jannitor's ghost (journeyman TrCK)
 17258 | Lair:4   | Killed Jannitor's ghost
 17258 | Lair:4   | Reached skill level 10 in Stealth
 18460 | Lair:5   | Received a gift from Trog
 18678 | Lair:5   | Noticed Tinttamiau's ghost (journeyman MiFi)
 18688 | Lair:5   | Killed Tinttamiau's ghost
 19077 | Lair:5   | Noticed a six-headed hydra
 19080 | Lair:5   | Killed a six-headed hydra
 19081 | Lair:5   | Noticed Snorg
 19104 | Lair:5   | Killed Snorg
 19240 | Lair:5   | Noticed a four-headed hydra
 19243 | Lair:5   | Killed a four-headed hydra
 19431 | Lair:6   | Entered Level 6 of the Lair of Beasts
 19460 | Lair:6   | Found a staircase to the Slime Pits.
 19492 | Lair:6   | Noticed quacklin's ghost (journeyman DrIE)
 19521 | Lair:6   | Killed quacklin's ghost
 19521 | Lair:6   | Reached XP level 14. HP: 82/97 MP: 14/14
 19674 | Lair:6   | Found a frozen archway.
 19696 | Lair:6   | Received a gift from Trog
 19839 | IceCv    | Entered an ice cave
 20965 | IceCv    | Received a gift from Trog
 20991 | IceCv    | Reached skill level 10 in Fighting
 21101 | IceCv    | Noticed a frost giant
 21109 | IceCv    | Killed a frost giant
 21435 | IceCv    | Got a polished fustibalus
 21436 | IceCv    | Identified the +7 fustibalus "Wunguom" {venom, rN+ MP+9 Stlth+} (You found it in an ice cave)
 21443 | IceCv    | Got a scorched ruby amulet
 21444 | IceCv    | Identified the amulet "Fufiti" {+Blink Regen+ Dex+3} (You found it in an ice cave)
 21975 | Lair:5   | Received a gift from Trog
 22846 | Lair:6   | Reached XP level 15. HP: 105/105 MP: 15/15
 23204 | Lair:6   | Reached skill level 1 in Evocations
 24363 | D:11     | Received a gift from Trog
 24703 | D:12     | Found Boliloo's Magic Scroll Boutique.
 25076 | D:12     | Received a gift from Trog
 25128 | D:12     | Found Qeskufoige's Distillery.
 25304 | D:12     | Found a staircase to the Orcish Mines.
 25402 | D:12     | Bought a potion of resistance for 160 gold pieces
 25402 | D:12     | Bought a potion of agility for 64 gold pieces
 25402 | D:12     | Bought 2 potions of might for 128 gold pieces
 25402 | D:12     | Bought a potion of agility for 64 gold pieces
 26200 | D:12     | Found an iron altar of Okawaru.
 26415 | D:12     | Reached skill level 1 in Shields
 26653 | Orc:1    | Entered Level 1 of the Orcish Mines
 26660 | Orc:1    | Found a burning altar of Makhleb.
 26699 | Orc:1    | Received a gift from Trog
 26801 | Orc:1    | Reached XP level 16. HP: 112/112 MP: 19/19
 27200 | Orc:2    | Entered Level 2 of the Orcish Mines
 27237 | Orc:2    | Found a staircase to the Elven Halls.
 27471 | Orc:2    | Found Limuxedo's Magic Scroll Shoppe.
 27474 | Orc:2    | Bought a scroll of teleportation for 39 gold pieces
 27474 | Orc:2    | Bought a scroll of enchant weapon for 97 gold pieces
 27474 | Orc:2    | Bought a scroll of blinking for 97 gold pieces
 27941 | Orc:2    | Found Seuhaoqo's Book Boutique.
 27958 | Orc:2    | Found Kiol's Antique Weapon Shop.
 28139 | Orc:2    | Found a radiant altar of Vehumet.
 28140 | Orc:2    | Noticed Erolcha
 28146 | Orc:2    | Killed Erolcha
 28190 | Orc:2    | Noticed Nergalle
 28327 | Orc:2    | Reached skill level 5 in Evocations
 28363 | Orc:2    | Killed Nergalle
 28374 | Orc:2    | Received a gift from Trog
 28430 | Orc:2    | Found an ancient bone altar of Kikubaaqudgha.
 28452 | Orc:2    | Found a roughly hewn altar of Beogh.
 28452 | Orc:2    | Found Xoqiuwoarr's Distillery.
 28467 | Orc:2    | Found Paohetiu's Distillery.
 28515 | Orc:2    | Bought 2 potions of resistance for 280 gold pieces
 28515 | Orc:2    | Bought a potion of curing for 42 gold pieces
 28515 | Orc:2    | Bought a potion of might for 56 gold pieces
 28515 | Orc:2    | Bought a potion of curing for 42 gold pieces
 28515 | Orc:2    | Bought a potion of curing for 42 gold pieces
 28515 | Orc:2    | Bought a potion of haste for 140 gold pieces
 28515 | Orc:2    | Bought a potion of haste for 140 gold pieces
 28530 | Orc:2    | Bought a potion of invisibility for 104 gold pieces
 28530 | Orc:2    | Bought a potion of heal wounds for 65 gold pieces
 28530 | Orc:2    | Bought a potion of might for 52 gold pieces
 28530 | Orc:2    | Bought a potion of agility for 52 gold pieces
 28530 | Orc:2    | Bought a potion of invisibility for 104 gold pieces
 29043 | D:13     | Reached skill level 5 in Shields
 29087 | D:13     | Found a portal to a secret trove of treasure.
 29484 | D:13     | Found a gate to the Vaults.
 30342 | D:14     | Reached ****** piety under Trog
 30425 | D:14     | Received a gift from Trog
 30762 | D:14     | Found an iron altar of Okawaru.
 31552 | D:15     | Entered Level 15 of the Dungeon
 31672 | D:15     | Reached XP level 17. HP: 57/119 MP: 22/22
 32249 | D:15     | Received a gift from Trog
 32612 | D:15     | Found a staircase to the Depths.
 33371 | Spider:1 | Entered Level 1 of the Spider Nest
 33558 | Spider:1 | Got a translucent iron ring
 33559 | Spider:1 | Identified the ring of Zofenoupt {rPois SInv} (You found it on level 1 of the Spider Nest)
 33988 | Spider:1 | Received a gift from Trog
 34599 | Spider:1 | Received a gift from Trog
 35195 | Spider:2 | Reached XP level 18. HP: 128/128 MP: 25/25
 36050 | Spider:2 | Reached skill level 15 in Stealth
 36088 | Spider:2 | Received a gift from Trog
 37362 | Spider:4 | Entered Level 4 of the Spider Nest
 37413 | Spider:4 | Reached skill level 15 in Dodging
 37820 | Spider:4 | Received a gift from Trog
 38268 | Spider:4 | Got a gossamer rune of Zot
 38456 | Spider:2 | Received a gift from Trog
 38726 | Vaults:1 | Entered Level 1 of the Vaults
 38787 | Vaults:1 | Noticed Asterion
 38797 | Vaults:1 | Reached XP level 19. HP: 136/136 MP: 26/26
 38822 | Vaults:1 | Killed Asterion
 40413 | Vaults:1 | You fall through a shaft!
 40517 | Vaults:2 | Found Ytedium's Food Boutique.
 40552 | Vaults:2 | Received a gift from Trog
 41302 | Vaults:2 | Noticed a bone dragon
 41303 | Vaults:2 | Found a staircase to the Crypt.
 41310 | Vaults:2 | Killed a bone dragon
 42044 | Vaults:2 | Received a gift from Trog
 42277 | Vaults:3 | Found Fiqil's Distillery.
 42318 | Vaults:3 | Reached XP level 20. HP: 133/144 MP: 27/27
 42402 | Vaults:3 | Reached skill level 15 in Fighting
 43142 | Vaults:3 | Received a gift from Trog
 43635 | Vaults:3 | Noticed Jorgrun
 43656 | Vaults:3 | Killed Jorgrun
 44833 | Vaults:4 | Received a gift from Trog
 45400 | Vaults:4 | Found Towk's Assorted Antiques.
 45405 | Vaults:4 | Bought a scroll of fear for 87 gold pieces
 45820 | Vaults:4 | Reached XP level 21. HP: 153/153 MP: 28/28
 46106 | Depths:1 | Entered Level 1 of the Depths
 46108 | Depths:1 | Noticed Bai Suzhen
 46116 | Depths:1 | Killed Bai Suzhen
 46416 | Depths:1 | Found a one-way gate leading to the halls of Pandemonium.
 46482 | Depths:1 | Found a gateway to Hell.
 46512 | Depths:1 | Received a gift from Trog
 47225 | Depths:1 | Received a gift from Trog
 47565 | Depths:1 | Identified the ring of Ulej {rElec MP+9 Str-5 Int+3 Dex+6} (You found it on level 1 of the Depths)
 47587 | Depths:1 | Received a gift from Trog
 48215 | Depths:2 | Found a glowing silver altar of Zin.
 48863 | Depths:2 | Noticed a caustic shrike
 48869 | Depths:2 | Noticed a caustic shrike
 48870 | Depths:2 | Noticed a caustic shrike
 48870 | Depths:2 | Noticed a caustic shrike
 48871 | Depths:2 | Noticed a caustic shrike
 48871 | Depths:2 | Killed a caustic shrike
 48876 | Depths:2 | Noticed a Tzitzimitl
 48880 | Depths:2 | Noticed the Enchantress
 49327 | Elf:1    | Entered Level 1 of the Elven Halls
 49524 | Elf:1    | Noticed letownia's ghost (journeyman OpTm)
 49544 | Elf:1    | Killed letownia's ghost
 49700 | Elf:1    | Found Uxtoq's Gadget Boutique.
 49848 | Elf:1    | Received a gift from Trog
 50053 | Elf:1    | Reached XP level 22. HP: 137/162 MP: 29/29
 50249 | Elf:1    | Received a gift from Trog
 50262 | Elf:1    | Noticed Louise
 50298 | Elf:1    | Cast into level 3 of the Abyss (Louise)
 50362 | Elf:1    | Escaped the Abyss
 50420 | Elf:1    | Killed Louise
 50671 | Elf:1    | Identified the Compendium of Stolen Souls
 51139 | Elf:2    | Received a gift from Trog
 51321 | Elf:2    | Found a runed gate.
 51325 | Elf:2    | Found a runed gate.
 51326 | Elf:2    | Found a runed gate.
 51528 | Elf:2    | Reached skill level 10 in Armour
 51858 | Elf:3    | Entered Level 3 of the Elven Halls
 51983 | Elf:3    | Noticed raetorn's ghost (adept MiGl)
 52006 | Elf:3    | Killed raetorn's ghost
 52230 | Elf:3    | Noticed Glorg's ghost (adept MiBe)
 52277 | Elf:3    | Killed Glorg's ghost
 52686 | Elf:3    | Received a gift from Trog
 52738 | Elf:3    | Received a gift from Trog
 52739 | Elf:3    | Identified the +13 hunting sling of Trog's Envy {venom, +Blink Str+4 Dex+7} (Trog gifted it to you on level 3 of the Elven Halls)
 53015 | Elf:3    | Identified the amulet "Pakuhuim" {Harm *Drain rF+ Int+2} (You took it off a deep elf blademaster on level 3 of the Elven Halls)
 53377 | Elf:3    | Identified the ring "Muujoot" {+Inv MP+9 Stlth+} (You took it off a deep elf master archer on level 3 of the Elven Halls)
 53446 | Elf:3    | Identified Qukaetij's Almanac of Summoning
 53600 | Elf:3    | Received a gift from Trog
 54293 | Shoals:1 | Entered Level 1 of the Shoals
 54397 | Shoals:2 | Reached XP level 23. HP: 169/169 MP: 30/30
 54429 | Shoals:4 | Entered Level 4 of the Shoals
 54445 | Shoals:4 | Received a gift from Trog
 54539 | Shoals:4 | Found Unleijups's Weapon Shop.
 54622 | Shoals:4 | Got a barnacled rune of Zot
 55525 | Crypt:1  | Entered Level 1 of the Crypt
 55601 | Crypt:1  | Noticed Xtahua
 55642 | Crypt:1  | Killed Xtahua
 55848 | Crypt:1  | Received a gift from Trog
 56050 | Crypt:1  | Noticed Jory
 56276 | Crypt:1  | Received a gift from Trog
 56306 | Crypt:1  | Got a crystal short sword {elec}
 56429 | Crypt:1  | Identified the +8 short sword of the Beginning {elec, Dex+4} (You took it off a skeletal warrior on level 1 of the Crypt)
 56582 | Crypt:1  | Killed Jory
 57365 | Crypt:2  | Received a gift from Trog
 58103 | Crypt:3  | Entered Level 3 of the Crypt
 58744 | Crypt:3  | Received a gift from Trog
 59076 | Crypt:3  | Found a basalt altar of Yredelemnul.
 59097 | Crypt:3  | Reached XP level 24. HP: 177/177 MP: 30/30
 59617 | Crypt:3  | Identified the Collected Works on Darkness
 59875 | Crypt:3  | Identified the ring "Lessesch" {Fire rPois Int+2} (You found it on level 3 of the Crypt)
 60812 | Depths:1 | Killed a caustic shrike
 60996 | Depths:2 | Killed a caustic shrike
 61002 | Depths:2 | Killed a caustic shrike
 61496 | Depths:2 | Received a gift from Trog
 61548 | Depths:2 | Found a stormy altar of Qazlal.
 61626 | Depths:2 | Killed the Enchantress
 62039 | Depths:2 | Identified the +1 faerie dragon scales {*Slow rF- Regen+ rCorr Str+6} (You took it off the Enchantress on level 2 of the Depths)
 62384 | Depths:2 | Got a fine bronze ring
 62490 | Depths:2 | Noticed a golden dragon
 62527 | Depths:2 | Killed a caustic shrike
 62933 | Depths:2 | Received a gift from Trog
 63341 | Depths:2 | Reached XP level 25. HP: 183/183 MP: 30/30
 63598 | Depths:2 | Identified the ring "Zizoej" {Fire +Blink} (You took it off a spriggan air mage on level 2 of the Depths)
 63838 | Depths:2 | Got an ancient copper ring
 64540 | D:13     | You paid a toll of +5 fire dragon scales to enter a treasure trove
 64541 | Trove    | Entered a treasure trove
 64639 | D:13     | Identified the ring of Taneliv {Fire *Contam rPois Stlth+} (You took it off a hell knight on level 2 of the Depths)
 64887 | Depths:2 | Found a hazy altar of Hepliaklqana.
 64889 | Depths:2 | Found a gateway to a ziggurat.
 65101 | Depths:2 | Reached skill level 15 in Armour
 65329 | Depths:2 | Received a gift from Trog
 65544 | Depths:2 | Found a sparkling altar of Nemelex Xobeh.
 66471 | Depths:3 | Found a flickering gateway to a bazaar.
 66486 | Bazaar   | Entered a bazaar
 66492 | Bazaar   | Found Yloheuf's Armour Shoppe.
 66497 | Bazaar   | Found Leav's Antique Weapon Boutique.
 66500 | Bazaar   | Bought the +1 pair of boots of the Castellan {rN+ Regen+ Str+4} for 349 gold pieces
 66511 | Bazaar   | Bought a +1 pair of gloves of strength for 198 gold pieces
 66526 | Bazaar   | Found Usatante's General Store.
 66527 | Bazaar   | Bought an ichor-stained scimitar for 243 gold pieces
 66527 | Bazaar   | Identified the +5 scimitar of the Vaults {protect, rElec} (You bought it in a shop in a bazaar)
 66529 | Bazaar   | Found Penweaq's Armour Emporium.
 66541 | Bazaar   | Bought a scarf of resistance for 448 gold pieces
 66541 | Bazaar   | Bought the +8 ring mail of Zaiviut {Regen+ rCorr Str-3 Int+4} for 821 gold pieces
 66585 | Bazaar   | Found Adwogh's Jewellery Emporium.
 66593 | Bazaar   | Bought the ring of Coerylob {MR+ AC+2} for 226 gold pieces
 66713 | Depths:3 | Killed from afar by a spriggan air mage

Skill      XL: |  1  2  3  4  5  6  7  8  9 10 11 12 13 14 15 16 17 18 19 20 21 22 23 24 25 |
---------------+----------------------------------------------------------------------------+-----
Slings         | 6 7 8 9 10 12 13 14 | 14.4
Short Blades   | 1 2 4 5 6 8 9 10 11 12 13 14 | 14.0
Fighting       | 2 3 4 5 6 7 8 9 10 11 12 13 14 15 16 17 18 19 | 19.3
Armour         | 2 3 5 7 9 11 12 14 15 | 15.3
Dodging        | 3 4 5 7 8 9 11 12 13 14 15 16 17 18 19 20 21 | 21.4
Stealth        | 4 6 8 9 11 12 13 14 16 17 18 19 20 21 | 21.1
Evocations     | 4 7 9 |  9.7
Shields        | 2 7 9 |  9.6

Action                   |  1- 3 |  4- 6 |  7- 9 | 10-12 | 13-15 | 16-18 | 19-21 | 22-24 | 25-27 || total
-------------------------+-------+-------+-------+-------+-------+-------+-------+-------+-------++-------
Melee: Short sword       |    60 |    47 |   121 |       |    25 |       |       |       |       ||   253
       Rapier            |       |       |   376 |   746 |  1352 |       |       |       |       ||  2474
       Unarmed           |       |       |     2 |       |       |       |       |       |       ||     2
       Quick blade       |       |       |       |       |       |  1294 |  2108 |  2060 |   415 ||  5877
 Fire: Hunting sling     |    49 |    77 |   135 |   392 |   223 |       |       |       |       ||   876
       Fustibalus        |       |       |       |       |   471 |  1056 |   714 |  1180 |   140 ||  3561
Invok: Berserk           |       |       |     2 |    14 |    14 |    12 |     5 |    15 |       ||    62
       Trog's Hand       |       |       |       |     2 |     5 |     3 |     9 |    19 |     4 ||    42
       Brothers in Arms  |       |       |       |       |     7 |     2 |     5 |    16 |       ||    30
       Burn Spellbooks   |       |       |       |       |       |     3 |       |     3 |     3 ||     9
 Abil: Evoke Berserk Rag |       |     1 |     4 |       |       |       |       |       |       ||     5
Evoke: Lamp of fire      |       |       |       |       |       |       |     1 |     2 |       ||     3
       Box of beasts     |       |       |       |       |       |       |       |     1 |       ||     1
       Wand              |       |       |       |       |       |       |       |     2 |     3 ||     5
       Sack of spiders   |       |       |       |       |       |       |       |     1 |       ||     1
  Use: Scroll            |       |       |    12 |     2 |    15 |    12 |     9 |    22 |    16 ||    88
       Potion            |       |       |       |    11 |     3 |     1 |     2 |     7 |     3 ||    27
 Stab: Sleeping          |       |     2 |    11 |     6 |     8 |    24 |    31 |    23 |     3 ||   108
       Distracted        |       |       |       |     1 |     3 |     7 |     9 |     7 |     1 ||    28
       Petrified         |       |       |       |       |       |       |     1 |       |       ||     1
  Eat: Chunk             |     1 |     3 |    20 |    30 |    31 |    11 |    23 |     5 |       ||   124
       Bread ration      |       |     1 |       |     2 |     2 |     6 |     3 |     3 |     2 ||    19
       Royal jelly       |       |       |       |       |     4 |       |     1 |     4 |       ||     9
       Meat ration       |       |       |       |       |     1 |     2 |     3 |     7 |     1 ||    14
Armor: Leather armour    |    23 |     8 |   109 |   117 |   174 |     3 |       |       |       ||   434
       Ring mail         |       |       |       |       |       |   129 |    98 |   184 |    59 ||   470
Dodge: Dodged            |    72 |    25 |   426 |   591 |  1221 |   729 |   674 |   943 |   265 ||  4946
Block: Buckler           |       |       |       |       |    15 |   366 |   398 |   473 |    15 ||  1267
       Shield            |       |       |       |       |       |       |       |       |   189 ||   189
